 Dungeon Crawl Stone Soup version 0.21.1-1-g345015f (webtiles) character file.

379 tidbits the Grave Robber (level 6, 0/66 HPs)
             Began as a Gnoll Necromancer on June 15, 2018.
             Was an Initiate of Cheibriados.
             Slain by a wight
             ... wielding a +0 halberd
              (4 damage)
             ... on level 6 of the Dungeon.
             The game lasted 00:05:11 (491 turns).

tidbits the Grave Robber (Gnoll Necromancer)         Turns: 491, Time: 00:05:11

Health: 0/66       AC: 23    Str: 11    XL:     6   Next: 74%
Magic:  8/14       EV:  2    Int: 21    God:    Cheibriados [......]
Gold:   35         SH:  0    Dex: 16    Spells: 2/15 levels left

rFire    . . .     SeeInvis .     - Unarmed
rCold    . . .     Gourm    .   (no shield)
rNeg     + + +     Faith    .   (armour currently unavailable)
rPois    +         Spirit   .   (helmet currently unavailable)
rElec    .         Reflect  .   (cloak currently unavailable)
rCorr    +         Harm     .   (gloves currently unavailable)
MR       .....     NoTele   +   (boots currently unavailable)
Stlth    +++.......             (no amulet)
HPRegen  1.21/turn              i - ring of resist corrosion
MPRegen  0.14/turn              (no ring)

@: lethally poisoned (0 -> -1), tree-form, regenerating, very slow
A: distributed training, strong nose
a: Bend Time, Renounce Religion


You were on level 6 of the Dungeon.
You worshipped Cheibriados.
Cheibriados was noncommittal.
You were not hungry.
You were a tree.
You visited 2 branches of the dungeon, and saw 7 of its levels.

You collected 35 gold pieces.

Inventory:

Hand Weapons
 a - a +0 dagger
 j - a +0 trident
Missiles
 h - 15 arrows
Armour
 f - a +0 robe
 B - a +1 leather armour of cold resistance (melded)
   (You found it on level 1 of the Dungeon)
Jewellery
 i - a ring of resist corrosion (left branch)
   (You found it on level 2 of the Dungeon)
Wands
 g - a wand of clouds (2)
Scrolls
 d - a scroll of identify
 e - a scroll of remove curse
 m - a scroll of immolation
 n - a scroll of magic mapping {unknown}
Books
 b - a book of Necromancy

   Spells                             Type                      Level
   a - Pain                           Necromancy                   1
   b - Animate Skeleton               Necromancy                   1
   c - Vampiric Draining              Necromancy                   3
   d - Regeneration                   Charms/Necromancy            3
   e - Animate Dead                   Necromancy                   4
   f - Borgnjor's Vile Clutch         Necromancy/Earth             5
 l - a book of Minor Magic
   (You found it on level 4 of the Dungeon)

   Spells                             Type                      Level
   a - Magic Dart                     Conjuration                  1
   b - Blink                          Translocation                2
   c - Call Imp                       Summoning                    2
   d - Slow                           Hexes                        2
   e - Conjure Flame                  Conjuration/Fire             3
   f - Mephitic Cloud                 Conjuration/Poison/Air       3
Comestibles
 c - 4 rations


   Skills:
 + Level 2.0 Fighting
 + Level 2.0 Short Blades
 + Level 2.0 Long Blades
 + Level 2.0 Axes
 + Level 2.0 Maces & Flails
 + Level 2.0 Polearms
 + Level 2.0 Staves
 + Level 2.0 Slings
 + Level 2.0 Bows
 + Level 2.0 Crossbows
 + Level 2.0 Throwing
 + Level 2.0 Armour
 + Level 5.0 Dodging
 + Level 4.6 Stealth
 + Level 2.0 Shields
 + Level 2.0 Unarmed Combat
 + Level 5.4 Spellcasting
 + Level 1.6 Conjurations
 + Level 1.6 Hexes
 + Level 1.6 Charms
 + Level 1.6 Summonings
 + Level 7.3 Necromancy
 + Level 1.6 Translocations
 + Level 1.6 Transmutations
 + Level 1.6 Fire Magic
 + Level 1.6 Ice Magic
 + Level 1.6 Air Magic
 + Level 1.6 Earth Magic
 + Level 1.6 Poison Magic
 + Level 2.2 Invocations
 + Level 2.0 Evocations


You had 2 spell levels left.
You knew the following spells:

 Your Spells              Type           Power        Failure   Level  Hunger
a - Pain                  Necr           ####         1%          1    None
d - Vampiric Draining     Necr           #####.....   1%          3    ##.....
n - Animate Skeleton      Necr           N/A          1%          1    None
r - Regeneration          Chrm/Necr      ###.......   4%          3    ##.....
v - Borgnjor's Vile Clut  Necr/Erth      ###.......   41%         5    #####..


Dungeon Overview and Level Annotations

Branches:
Dungeon (6/15)             Temple (1/1) D:5

Altars:
Cheibriados
Hepliaklqana

Annotations:
D:6 Duvessa


Innate Abilities, Weirdness & Mutations

Your experience applies equally to all skills.
((You have very sharp teeth.))
Your uncanny sense of smell can sniff out nearby items.


Message History

You feel sick. The wight hits you but does no damage.
An orc wizard comes into view. It is wielding a dagger.
You smack Prince Ribbit!
Prince Ribbit is almost dead.
The wight hits you but does no damage.
You hit the orc wizard.
The orc wizard is heavily wounded.
The wight hits you but does no damage.
Duvessa, Sister of Dowan comes into view.
She is wielding a short sword.
Duvessa shouts!
You hit the wight but do no damage.
Your skin stops crawling.
The wight hits you but does no damage. x2
Casting: Regeneration
Confirm with . or Enter, or press ? or * to list all spells.
Your skin crawls.
You feel sick. The wight hits you but does no damage.
The orc wizard is engulfed in noxious fumes.
The orc wizard appears confused.
The wight hits you from afar with a halberd.
* * * LOW HITPOINT WARNING * * *
Unknown command.
You hit the wight.
The wight is lightly damaged.
The wight hits you but does no damage.
The orc wizard is engulfed in noxious fumes.
The orc wizard appears confused.
You aren't carrying any potions.
Unknown command.
You aren't carrying any potions.
Unknown command.
Unknown command.
You smack the wight!
The wight is severely damaged.
The wight hits you but does no damage. x2
The orc wizard is engulfed in noxious fumes.
The orc wizard appears confused.
The crimson imp hits you but does no damage.
Duvessa is engulfed in noxious fumes.
Duvessa appears confused.
Unknown command.
You smack the wight!
You destroy the wight!
Cheibriados thoroughly appreciates the change of pace.
The wight completely misses you.
The orc wizard is engulfed in noxious fumes.
The orc wizard appears confused.
The orc wizard hits the wight with a dagger.
The crimson imp hits you but does no damage.
Duvessa is engulfed in noxious fumes.
Duvessa appears confused.
A jelly comes into view.
You closely miss the crimson imp.
You feel sick.
The orc wizard is engulfed in noxious fumes.
The orc wizard appears confused.
The wight hits you but does no damage. The crimson imp barely misses you.
The jelly moves out of view.
You hit Prince Ribbit but do no damage.
Prince Ribbit is almost dead.
Prince Ribbit closely misses the crimson imp.
The orc wizard is engulfed in noxious fumes.
The orc wizard appears confused.
Prince Ribbit hits you!
* * * LOW HITPOINT WARNING * * *
The crimson imp hits you.
* * * LOW HITPOINT WARNING * * *
The wight hits you but does no damage.
A leopard gecko skeleton comes into view.
You aren't carrying any potions.
Unknown command.
You hit Prince Ribbit.
Prince Ribbit is almost dead.
Prince Ribbit seems less confused.
Prince Ribbit mumbles some strange words.
Prince Ribbit looks slightly unstable.
The orc wizard is engulfed in noxious fumes.
The orc wizard appears confused.
The crimson imp hits you.
* * * LOW HITPOINT WARNING * * *
Unknown command.
You smack Prince Ribbit!
You kill Prince Ribbit!
Cheibriados thoroughly appreciates the change of pace.
Your Fighting skill increases to level 2!
Your Short Blades skill increases to level 2!
Your Long Blades skill increases to level 2!
Your Axes skill increases to level 2!
Your Maces & Flails skill increases to level 2!
Your Polearms skill increases to level 2!
Your Staves skill increases to level 2!
Your Slings skill increases to level 2!
Your Bows skill increases to level 2!
Your Crossbows skill increases to level 2!
Your Throwing skill increases to level 2!
Your Armour skill increases to level 2!
Your Dodging skill increases to level 5!
Your Shields skill increases to level 2!
Your Unarmed Combat skill increases to level 2!
Your Invocations skill increases to level 2!
Your Evocations skill increases to level 2!
You have reached level 6!
Your experience leads to an increase in your attributes!
Your base attributes are Str 10, Int 19, Dex 15.
Increase (S)trength, (I)ntelligence, or (D)exterity?
You feel clever.
The wight hits you from afar with a halberd.
You die...

#. .) ... .. ∆
... #. . #.##.
#.#..#.###
.........#
.........#o#.#
.......♣§zo..#
##.....5§[§§.Z.
#.......§#§..e
#.["....§# ##.
#.....o.##
#........
#........
#........#


You could see Duvessa (confused), a wight, 2 orc wizards, a crimson imp, an orc
and a leopard gecko skeleton.

Vanquished Creatures
  Prince Ribbit (D:6)
  An ice beast (D:5)
  2 wights (D:6)
  A worker ant (D:6)
  An adder (D:5)
  A worm (D:5)
  A dart slug (D:1)
  A leopard gecko (D:5)
  3 goblins
  3 hobgoblins
  2 kobolds (D:3)
17 creatures vanquished.

Notes
Turn   | Place    | Note
-------+----------+-------------------------------------------
     0 | D:1      | tidbits the Gnoll Necromancer began the quest for the Orb.
     0 | D:1      | Reached XP level 1. HP: 13/13 MP: 6/6
    83 | D:1      | Reached XP level 2. HP: 6/19 MP: 1/7
    86 | D:1      | Learned a level 1 spell: Animate Skeleton
   158 | D:3      | Found a hazy altar of Hepliaklqana.
   168 | D:3      | You fall through a shaft!
   213 | D:5      | Entered Level 5 of the Dungeon
   234 | D:5      | Noticed a crimson imp
   274 | D:5      | Noticed an ice beast
   284 | D:5      | Killed an ice beast
   284 | D:5      | Reached skill level 1 in Fighting
   284 | D:5      | Reached skill level 1 in Short Blades
   284 | D:5      | Reached skill level 1 in Long Blades
   284 | D:5      | Reached skill level 1 in Axes
   284 | D:5      | Reached skill level 1 in Maces & Flails
   284 | D:5      | Reached skill level 1 in Polearms
   284 | D:5      | Reached skill level 1 in Staves
   284 | D:5      | Reached skill level 1 in Slings
   284 | D:5      | Reached skill level 1 in Bows
   284 | D:5      | Reached skill level 1 in Crossbows
   284 | D:5      | Reached skill level 1 in Throwing
   284 | D:5      | Reached skill level 1 in Armour
   284 | D:5      | Reached skill level 1 in Shields
   284 | D:5      | Reached skill level 1 in Unarmed Combat
   284 | D:5      | Reached skill level 5 in Spellcasting
   284 | D:5      | Reached skill level 1 in Conjurations
   284 | D:5      | Reached skill level 1 in Hexes
   284 | D:5      | Reached skill level 1 in Charms
   284 | D:5      | Reached skill level 1 in Summonings
   284 | D:5      | Reached skill level 1 in Translocations
   284 | D:5      | Reached skill level 1 in Transmutations
   284 | D:5      | Reached skill level 1 in Fire Magic
   284 | D:5      | Reached skill level 1 in Ice Magic
   284 | D:5      | Reached skill level 1 in Air Magic
   284 | D:5      | Reached skill level 1 in Earth Magic
   284 | D:5      | Reached skill level 1 in Poison Magic
   284 | D:5      | Reached skill level 1 in Invocations
   284 | D:5      | Reached skill level 1 in Evocations
   284 | D:5      | Reached XP level 3. HP: 8/26 MP: 1/9
   284 | D:5      | Reached XP level 4. HP: 10/32 MP: 1/11
   346 | D:5      | Found a staircase to the Ecumenical Temple.
   352 | Temple   | Entered the Ecumenical Temple
   372 | Temple   | Became a worshipper of Cheibriados the Contemplative
   410 | D:5      | Reached XP level 5. HP: 12/37 MP: 12/12
   436 | Temple   | Learned a level 3 spell: Vampiric Draining
   440 | Temple   | Learned a level 3 spell: Regeneration
   447 | Temple   | Learned a level 5 spell: Borgnjor's Vile Clutch
   476 | D:6      | Noticed Prince Ribbit
   483 | D:6      | Noticed Duvessa
   489 | D:6      | HP: 5/55 [Prince Ribbit (8)]
   489 | D:6      | HP: 2/55 [crimson imp (3)]
   491 | D:6      | Killed Prince Ribbit
   491 | D:6      | Reached skill level 2 in Fighting
   491 | D:6      | Reached skill level 2 in Short Blades
   491 | D:6      | Reached skill level 2 in Long Blades
   491 | D:6      | Reached skill level 2 in Axes
   491 | D:6      | Reached skill level 2 in Maces & Flails
   491 | D:6      | Reached skill level 2 in Polearms
   491 | D:6      | Reached skill level 2 in Staves
   491 | D:6      | Reached skill level 2 in Slings
   491 | D:6      | Reached skill level 2 in Bows
   491 | D:6      | Reached skill level 2 in Crossbows
   491 | D:6      | Reached skill level 2 in Throwing
   491 | D:6      | Reached skill level 2 in Armour
   491 | D:6      | Reached skill level 5 in Dodging
   491 | D:6      | Reached skill level 2 in Shields
   491 | D:6      | Reached skill level 2 in Unarmed Combat
   491 | D:6      | Reached skill level 2 in Invocations
   491 | D:6      | Reached skill level 2 in Evocations
   491 | D:6      | Reached XP level 6. HP: 2/44 MP: 8/14
   491 | D:6      | Slain by a wight

Skill      XL: |  1  2  3  4  5 |
---------------+----------------+-----
Fighting       | 1 2 |  2.0
Short Blades   | 1 2 |  2.0
Long Blades    | 1 2 |  2.0
Axes           | 1 2 |  2.0
Maces & Flails | 1 2 |  2.0
Polearms       | 1 2 |  2.0
Staves         | 1 2 |  2.0
Slings         | 1 2 |  2.0
Bows           | 1 2 |  2.0
Crossbows      | 1 2 |  2.0
Throwing       | 1 2 |  2.0
Armour         | 1 2 |  2.0
Shields        | 1 2 |  2.0
Unarmed Combat | 1 2 |  2.0
Spellcasting   | 5 |  5.4
Conjurations   | 1 |  1.6
Hexes          | 1 |  1.6
Charms         | 1 |  1.6
Summonings     | 1 |  1.6
Translocations | 1 |  1.6
Transmutations | 1 |  1.6
Fire Magic     | 1 |  1.6
Ice Magic      | 1 |  1.6
Air Magic      | 1 |  1.6
Earth Magic    | 1 |  1.6
Poison Magic   | 1 |  1.6
Invocations    | 1 2 |  2.2
Evocations     | 1 2 |  2.0
Dodging        | 5 |  5.0
Stealth        | |  4.6
Necromancy     | |  7.3

Action                   |  1- 3 |  4- 6 || total
-------------------------+-------+-------++-------
Melee: Dagger            |     1 |     6 ||     7
       Bite              |       |     3 ||     3
       Trident           |       |    18 ||    18
       Unarmed           |       |    16 ||    16
 Cast: Pain              |    20 |     3 ||    23
       Regeneration      |       |     4 ||     4
Evoke: Wand              |     1 |     2 ||     3
  Use: Scroll            |       |     3 ||     3
       Potion            |       |     1 ||     1
 Stab: Sleeping          |     1 |       ||     1
       Confused          |       |     1 ||     1
Armor: Leather armour    |     2 |     6 ||     8
       Skin              |       |    18 ||    18
Dodge: Dodged            |     4 |    20 ||    24

Table legend:
 A = Turns spent in this place as a percentage of turns spent in the entire game.
 B = Non-inter-level travel turns spent in this place as a percentage of non-inter-level travel turns spent in the entire game.
 C = Inter-level travel turns spent in this place as a percentage of turns spent in this place.
 D = Turns resting spent in this place as a percentage of non-inter-level travel turns spent in this place.
 E = Turns spent auto-exploring this place as a percentage of non-inter-level travel turns spent in this place.
 F = Non-inter-level travel turns spent in this place divided by the number of levels of this place that you've seen.
                   A       B       C       D       E      F
               +-------+-------+-------+-------+-------+----------------------
         Total | 100.0 | 100.0 |   3.3 |   0.0 |   0.0 |  67.9
       Dungeon |  88.8 |  91.8 |   0.0 |   0.0 |   0.0 |  72.7
        Temple |  11.2 |   8.2 |  29.1 |   0.0 |   0.0 |  39.0
               +-------+-------+-------+-------+-------+----------------------

Table legend:
 A = Kills in this place as a percentage of kills in entire the game.
 B = Kills by you in this place as a percentage of kills by you in the entire game.
 C = Kills by friends in this place as a percentage of kills by friends in the entire game.
 D = Other kills in this place as a percentage of other kills in the entire game.
 E = Experience gained in this place as a percentage of experience gained in the entire game.
 F = Experience gained in this place divided by the number of levels of this place that you have seen.
                   A       B       C       D       E      F
               +-------+-------+-------+-------+-------+----------------------
         Total | 100.0 | 100.0 |   N/A | 100.0 | 100.0 |  77.4
       Dungeon | 100.0 | 100.0 |   N/A | 100.0 | 100.0 |  90.3
               +-------+-------+-------+-------+-------+----------------------

Vault maps used:
D:1:      eino_arrival_druids_welcome
D:3:      grunt_temple_overflow_order_and_chaos_2, evilmike_ruin_ashenzari,
          lemuel_round_altar
D:4:      old_standard_altar, minmay_goblin_kobold_house
D:5:      temple_green, first_ration, uniq_sigmund
D:6:      uniq_grinder, uniq_prince_ribbit1, uniq_duvessa
Temple:   regret_index_temple_generic_petals
